Cogmind - Beta 10.2 @@@ ROGUE MODE // 2021.06.30 @ 18:25:37 Player: Mares Result: Destroyed by G-34 Mercenary with Small Laser Performance ------------- Evolutions (0) 0 Regions Visited (1) 200 Robots Destroyed (9) 45 Value Destroyed (273) 273 Prototype IDs (0) 0 Alien Tech Used (0) 0 Bonus (0) 0 TOTAL SCORE: 518 Bonus ------- None Cogmind --------- Core Integrity 0/250 Matter 276/300 Energy 100/100 System Corruption 0% Temperature Cool (89) Movement Core (150) Ox2 Location -10/Materials Parts ------- > --- POWER (1) -------- (None) > --- PROPULSION (2) --- (None) > --- UTILITY (2) ------ Small Storage Unit Small Storage Unit > --- WEAPON (2) ------- (None) > --- INVENTORY (8) ---- Light Ion Engine Aluminum Leg Aluminum Leg Wheel Compact Wheel Light Armor Plating Hacking Suite Peak State ------------ > --- POWER ------------ Light Ion Engine > --- PROPULSION ------- Light Treads Light Treads > --- UTILITY ---------- Small Storage Unit Small Storage Unit > --- WEAPON ----------- Medium Laser Light Assault Rifle > --- INVENTORY -------- Light Ion Engine Aluminum Leg Aluminum Leg Wheel Compact Wheel Light Armor Plating Hacking Suite EM Pulse Gun [Rating: 8] Favorites ----------- Power Light Ion Engine Engine Light Ion Engine Propulsion Light Treads Treads Light Treads Utility Small Storage Unit Storage Small Storage Unit Weapon Light Assault Rifle Energy Gun Medium Laser Energy Cannon Beam Cannon Ballistic Gun Light Assault Rifle Build | -11 -10 ------- Run | Scr Mat Slots Evolved . | . . Power . | . . Propulsion . | . . Utility . | . . Weapon . | . . Parts Attached 12 | 8 4 Power 2 | 1 1 Engine 2 | 1 1 Core . | . . Reactor . | . . Propulsion 2 | 2 . Treads 2 | 2 . Leg . | . . Wheel . | . . Hover . | . . Flight . | . . Utility 2 | 2 . Device . | . . Storage 2 | 2 . Processor . | . . Hackware . | . . Protection . | . . Artifact . | . . Weapon 6 | 3 3 Energy Gun 4 | 2 2 Energy Cannon 1 | . 1 Ballistic Gun 1 | 1 . Ballistic Cannon . | . . Launcher . | . . Special Weapon . | . . Impact Weapon . | . . Slashing Weapon . | . . Piercing Weapon . | . . Special Melee Weapon . | . . Unidentified Prototypes . | . . Parts Lost 9 | . 9 Power 2 | . 2 Propulsion 2 | . 2 Utility . | . . Weapon 5 | . 5 Highest Loss Streak 4 | . 4 Average Slot Usage (%) 79 | . 79 Engine 12 | . 12 Treads 15 | . 15 Storage 28 | . 28 Energy Gun 11 | . 11 Energy Cannon 2 | . 2 Ballistic Gun 9 | . 9 Naked Turns . | . . Heaviest Build 16 | 14 16 Greatest Support 40 | 40 40 Greatest Overweight (x) 5 | 3 5 Average Overweight (x) . | . 1 Largest Inventory Capacity 8 | 8 8 Average Capacity 7 | 6 8 Most Carried 8 | 6 8 Average Carried 6 | 4 7 Final Capacity 8 | 8 8 Final Carried 7 | 6 7 Class Distribution -------------------- 100% | Mutant Dominant Class ---------------- Mutant | -10/Materials Resources | -11 -10 ----------- Run | Scr Mat Matter Collected 260 | 182 78 Remotely . | . . Salvage Created 390 | 71 319 Parts 25 | 3 22 Haulers Intercepted . | . . Recyclers Shooed . | . . Parts Field Recycled . | . . Retrieved Matter . | . . Parts Self-Destructed . | . . Prevented . | . . Kills | -11 -10 ------- Run | Scr Mat Combat Hostiles Destroyed 7 | . 7 Guns 2 | . 2 Cannons 5 | . 5 Classes Destroyed 3 | 1 2 Recycler 1 | 1 . Operator 1 | . 1 Grunt 7 | . 7 Best Kill Streak 3 | 1 3 Combat Bots Only 3 | . 3 Max Kills in Single Turn 1 | 1 1 Gunslinging . | . . Exploded . | . . Melee . | . . Uniques/NPCs Destroyed . | . . Combat | -11 -10 -------- Run | Scr Mat Damage Taken 1100 | . 1100 Core 257 | . 257 Absorbed by Shields . | . . Core Remaining (%) 100 | 100 . Volleys Fired 28 | 5 23 Largest 2 | 2 2 Hottest 70 | 60 70 Shots Fired 46 | 10 36 Gun 36 | 10 26 Cannon 10 | . 10 Launcher . | . . Special . | . . Kinetic 18 | 5 13 Thermal 14 | . 14 Explosive . | . . Electromagnetic 14 | 5 9 Robot Hit Streak 11 | 8 11 Robot Miss Streak 2 | 1 2 Penetration Max . | . . Secondary Targets . | . . Shots Hit Robots 33 | 8 25 Core Hits 14 | 2 12 Critical Hits . | . . Critical Kills . | . . Critical Parts Destroyed . | . . Melee Attacks . | . . Impact . | . . Slashing . | . . Piercing . | . . Sneak Attacks . | . . Combat Hostiles . | . . Follow-up Attacks . | . . Damage Inflicted 441 | 87 354 Guns 260 | 87 173 Cannons 175 | . 175 Explosions . | . . Melee . | . . Ramming 6 | . 6 Kinetic 90 | 34 56 Thermal 225 | . 225 Explosive . | . . Electromagnetic 120 | 53 67 Impact . | . . Slashing . | . . Piercing . | . . Highest Corruption . | . . Average Corruption . | . . Corruption Purged . | . . Overload Shots . | . . Overflow Damage 13 | . 13 Projectiles 13 | . 13 Explosions . | . . Melee . | . . Knockbacks . | . . Impact . | . . Kinetic . | . . Secondary . | . . Self-Inflicted Damage . | . . Shots . | . . Rammed 2 | . 2 Targets Rammed 2 | . 2 Kicked . | . . Crushed . | . . Highest Temperature 142 | 40 142 Average Temperature 42 | 17 46 Received Heat Transfer 600 | . 600 Siege Activations . | . . Robots Corrupted . | . . Combat Hostiles . | . . Parts Fried 1 | 1 . Impact Corruptions . | . . Robots Melted . | . . Combat Hostiles . | . . Parts Melted . | . . Heat Transferred 518 | . 518 Parts Sabotaged . | . . Parts Stolen . | . . Parts Stripped . | . . Power Chain Reactions . | . . Missiles Intercepted . | . . Alert | -11 -10 ------- Run | Scr Mat Peak Influence 259 | 5 259 Initial 3 | . 3 Average 52 | 1 79 Maximum Alert Level 1 | . 1 Low Security (%) 98 | 100 97 Level 1 1 | . 2 Level 2 . | . . Level 3 . | . . Level 4 . | . . Level 5 . | . . High Security . | . . Max Security . | . . Squads Dispatched 3 | . 3 Investigation 2 | . 2 Extermination . | . . Reinforcement 1 | . 1 Assault . | . . Garrison . | . . Intercept . | . . Construction Impeded . | . . Haulers Reinforced . | . . Stealth | -11 -10 --------- Run | Scr Mat Distress Signals . | . . Communications Jammed . | . . Distress Signals . | . . Times Spotted 18 | . 18 Peak Tracking Total 9 | . 9 Tactical Retreats 3 | . 3 Traps | -11 -10 ------- Run | Scr Mat Traps Triggered 1 | . 1 Indirectly . | . . Trap Hack Attempts . | . . Triggered . | . . Disarmed . | . . Reprogrammed . | . . Reused . | . . Traps Extracted . | . . Installed . | . . Triggered . | . . Machines | -11 -10 ---------- Run | Scr Mat Machines Disabled . | . . Max in Single Turn . | . . Machines Sabotaged . | . . Garrisons Compromised . | . . Overloaded Fab Kills . | . . Fab Network Shutdowns . | . . Hacking | -11 -10 --------- Run | Scr Mat Machines Accessed 2 | . 2 Terminals 1 | . 1 Fabricators . | . . Repair Stations . | . . Recycling Units 1 | . 1 Scanalyzers . | . . Garrison Access . | . . Total Hacks 3 | . 3 Successful 3 | . 3 Failed . | . . Catastrophic . | . . Database Lockouts . | . . Manual 3 | . 3 Terminals 2 | . 2 Fabricators . | . . Repair Stations . | . . Recycling Units 1 | . 1 Scanalyzers . | . . Garrison Access . | . . Terminal Hacks . | . . Fabricator Hacks . | . . Repair Station Hacks . | . . Recycling Unit Hacks . | . . Scanalyzer . | . . Garrison Access Hacks . | . . Unauthorized Hacks 3 | . 3 Terminals 2 | . 2 Assimilate 1 | . 1 Operators 1 | . 1 Fabricators . | . . Repair Stations . | . . Recycling Units 1 | . 1 Tunnel 1 | . 1 Scanalyzers . | . . Garrison Access . | . . Data Cores Recovered . | . . Used . | . . Hacking Detections 1 | . 1 Full Trace Events . | . . Feedback Events . | . . Feedback Blocked . | . . Robot Schematics Acquired . | . . Robots Built . | . . Matter . | . . Time . | . . Total Robot Build Rating . | . . Part Schematics Acquired . | . . Parts Built . | . . Matter . | . . Time . | . . Total Part Build Rating . | . . Parts Repaired . | . . Time . | . . Parts Recycled . | . . Recycled Matter . | . . Retrieved Matter . | . . Retrieved Components . | . . Parts Scanalyzed . | . . Part Schematics Acquired . | . . Parts Damaged . | . . Bothacking | -11 -10 ------------ Run | Scr Mat Used RIF Installer . | . . Robots Hacked . | . . Non-combat . | . . Combat . | . . Robot Hacks Applied . | . . Relay Couplers Released . | . . Robots Rewired . | . . Allies Hacked . | . . Hacks Repelled . | . . Allies | -11 -10 -------- Run | Scr Mat Total Allies . | . . Largest Group . | . . Highest-Rated Group . | . . Highest-Rated Ally . | . . Total Orders . | . . Ally Attacks . | . . Total Damage . | . . Kills . | . . Allies Corrupted . | . . Allies Melted . | . . Intel | -11 -10 ------- Run | Scr Mat Robot Analysis Total . | . . Derelict Logs Recovered . | . . Drone Launches . | . . Drone Recoveries . | . . Exploration | -11 -10 ------------- Run | Scr Mat Turns Passed 437 | 151 286 Spaces Moved 195 | 79 116 Core 56 | 28 28 Treads 139 | 51 88 Legs . | . . Wheels . | . . Hover . | . . Flight . | . . Fastest Speed 50 | 50 160 Average Speed 168 | 147 183 Slowest Speed 300 | 200 300 Overloaded Moves . | . . Propulsion Burnouts . | . . Robots Hopped . | . . Cave-ins Triggered . | . . Exploration Rate (%) 15 | 5 26 Regions Visited 1 Branch Regions . Pre-discovered Areas 1 | . 1 Known Exits Taken . | . . Unknown Exits Taken 1 | 1 . Scrap Searched . | . . Spaces Dug . | . . Terrain Destroyed . | . . Melee . | . . Projectile . | . . AOE . | . . Terrain Rammed . | . . Walls Destroyed . | . . Machines Disabled . | . . Actions | -11 -10 --------- Run | Scr Mat Total 257 | 102 155 Wait 4 | 3 1 Move 194 | 78 116 Hop . | . . Pick Up 14 | 8 6 Fast Attach 7 | 5 2 Attach 4 | 2 2 Detach . | . . Swap 1 | 1 . Drop 3 | . 3 Fire 28 | 5 23 Melee . | . . Ram . | . . Kick . | . . Crush 2 | . 2 Escape Stasis . | . . Rewire . | . . Trap . | . . Miscellaneous . | . . Route ------- -11/Scrapyard -10/Materials History --------- Turn | Location | Event 5 | -11/Scrapyard | Discovered new exit (range 15) 152 | -11/Scrapyard | Entered Materials 336 | -10/Materials | Build established: Mutant 347 | -10/Materials | Lost 4 parts (1p2n1w) 352 | -10/Materials | Core integrity fell below 50% 390 | -10/Materials | Core integrity fell below 20% 438 | -10/Materials | Destroyed by G-34 Mercenary with Small Laser Last Messages --------------- 00301_ Slammed into G-34 Mercenary. 00304_ Med. Laser destroyed. 00309_ Lgt. Treads destroyed. 00319_ G-34 Mercenary destroyed. 00337_ Acquired Sml. Laser. 00342_ Acquired Ion Engine. 00349_ Lgt. Assault Rifle destroyed. 00350_ EM Pulse Gun destroyed. 00355_ Acquired 45 matter. 00356_ K-01 Serf collects debris. 00385_ Sml. Laser destroyed. 00390_ Acquired Beam Cannon. 00394_ Destroyed Sml. Laser. 00396_ G-34 Mercenary destroyed. 00426_ Electrolysis Chamber disabled. 00430_ G-47 Trooper destroyed. 00432_ G-34 Mercenary destroyed. 00436_ Beam Cannon destroyed. 00436_ Acquired 33 matter. 00436_ Ion Engine destroyed. Map ----- +----------------------------------------------------+ | ??????????????????????????????????????????????? | | ??????????????????????????????????????????????? | | ??????????????????????????????????????????????? | | ??????????????????????????????????????????????? | | ??????????????????????????????????????????????? | | ??????????????????????????????????????????????? | | ??????????????????????????????????????????????? | | ??????????????????????????????????????????????? | | ??????????????????????????????????????????????? | | ??????????????????????????????????????????????? | | ??????????????????????????????????????????????? | | ????????????????"?????????????????????????????? | | ????????????????""????????????????????????????? | | ???????????????? "????????????????????????????? | | ???????????????? ????????????????????????????? | | ??????????????###+###?????????????????????????? | | ????????????### ?????????????????????????? | | ????????????? ##########????????????????? | | ????????????? # #????????????????? | | ?????????????? # #????????????????? | | ??????????????? # #????????????????? | | ???????????????# ## "" #????????????????? | | ???????????????#* ## """ #????????????????? | | ???????????????#%= ##* """ #????????????????? | | ???????????????#/ ##%=*! #????????????????? | | ??????????????## = ##!@%[ #????????????????? | | ??????????????# ##g########## #???????????? | | ???????######## !%** + ????????? | | ???????# # =[g #???????????????? | | ???????# """ # #???????????????? | | ?????????"T" # ########+##???????????????? | | ??????????? ## #######????????????????????? | | ??????????###+## #= #????????????????????? | | ??????????# *%+ """#????????????????????? | | ??????##### #= R"#????????????????????? | | ????# # """#????????????????????? | | ?????#######+####### #????????????????????? | | ?????# # #????????????????????? | | ?????# """ """ !!!#/#####????????????????????? | | ?????# "T" """ !!!# ###??????????????????????? | | ?????# """ !! # ??????????????????????? | | ?????#= # #??????????????????????? | | ?????# ! # #??????????????????????? | | ?????####+########## #??????????????????????? | | ????????# ## """ #? #??????????????????????? | | ????????# ## "Y" ## #??????????????????????? | | ######### ## ## #??????????????????????? | | # # ## ## +??????????????????????? | | # + + ## #??????????????????????? | | # # # ## ##?????????????????????? | +----------------------------------------------------+ Best States ------------- Heat Dissipation 25 Energy Generation 10 Energy Capacity 250 Matter Stores 243 Matter Capacity 300 Sight Range 16 Terrain Scan Density 10 Evasion (%) 50 Recoil Reduction 2 Item Schematics ----------------- None Robot Schematics ------------------ None Fabricated ------------ Nothing Alien Tech Used ----------------- None Achievements -------------- None Challenges ------------ None Game ------ Seed LinkedUtilitySink Manual? 0 Play Time 00:13:16 Cumulative 149.2 hours Start 2021.06.30 @ 14:26:31 End 2021.06.30 @ 18:25:37 Sessions 3 Manual Loads 0 Difficulty Rogue Special Mode None Game No. 48 Rogue 48 Adventurer 0 Explorer 0 Win Type - Total 2 Types 2/0/0/0/0/0/0/0/0 Lore% 66 Gallery% 75 Achievement% 60 Wizard Run 0 Options --------- ASCII 0 Keyboard 0 Movement Mouse Keybinds 0 Fullscreen 1 Font 18/SmallcapsGlow Map View 76x50 Tactical HUD 1 Map Filters NONE Filters NONE Steam 1 RUN: 74366cd5-22b4-406e-b784-7131d51fe0c0